Vegas Golden Knights vs Calgary Flames
Created - Monday, October 9, 2023 at 06:51
Goals
|
| Vegas Golden Knights |
1 |
1 |
0 |
2 |
| Calgary Flames |
0 |
1 |
3 |
4 |
|
Shots
|
| Vegas Golden Knights |
10 |
10 |
14 |
34 |
| Calgary Flames |
16 |
10 |
16 |
42 |
|
1st period
1. Vegas Golden Knights , Chris Kreider 14 (Vince Dunn 15) at 5:09
Penalties :
Vince Dunn (VGK) for Hooking (Minor) at 13:38
2nd period
2. Calgary Flames , Valeri Nichushkin 14 (Matthew Tkachuk 17, J.T. Miller 16) at 1:36 (PP)
3. Vegas Golden Knights , Sean Monahan 9 (Vince Dunn 16) at 5:02
Penalties :
Jaden Schwartz (VGK) for Hooking (Minor) at 0:43, Matthew Tkachuk (CGY) for Hooking (Minor) at 12:02
3rd period
4. Calgary Flames , Zach Hyman 11 (Timo Meier 19, Sebastian Aho 20) at 6:15 (PP)
5. Calgary Flames , Zach Hyman 12 (Joel Eriksson Ek 7, Drew Doughty 9) at 16:09
6. Calgary Flames , Rafael Harvey-Pinard 1 (Timo Meier 20, Logan Couture 14) at 16:23
Penalties :
Sean Monahan (VGK) for Slashing (Minor) at 2:07, Andrew Peeke (VGK) for Hooking (Minor) at 6:09, Andrew Peeke (VGK) for Hooking (Minor) at 19:50
Goalie Stats
Alexandar Georgiev (VGK), 38 saves from 42 shots - (0.905), L, 12-8-2, 60:00 minutes
Ilya Sorokin (CGY), 32 saves from 34 shots - (0.941), W, 9-11-0, 60:00 minutes
Players Stats for Vegas Golden Knights
Player Name G A P +/- PIM S H SB GA TA FO MP PP MP PK MP
------------------------------------------------------------------------------------
Andrew Peeke 0 0 0 1 4 1 1 5 0 2 0/0 24:12 1:09 2:20
Anthony Cirelli 0 0 0 -1 0 2 0 0 0 0 6/11 16:36 0:00 2:40
Chris Kreider 1 0 1 2 0 3 1 0 1 0 2/2 15:43 0:52 0:00
Eric Staal 0 0 0 -1 0 0 0 0 0 0 2/8 11:36 0:00 2:26
Jaden Schwartz 0 0 0 0 2 4 1 0 0 1 0/0 15:40 0:39 0:00
Joe Pavelski 0 0 0 2 0 3 0 1 1 2 0/0 15:56 0:46 0:00
John Marino 0 0 0 0 0 1 1 0 0 1 0/0 14:30 0:10 0:15
Jordan Staal 0 0 0 0 0 3 2 0 0 0 12/17 17:49 0:04 2:26
Marc Staal 0 0 0 -1 0 0 1 1 0 0 0/0 20:36 0:00 2:31
Marc-Edouard Vlasic 0 0 0 0 0 0 2 0 0 1 0/0 16:47 0:10 2:40
Nikolaj Ehlers 0 0 0 -1 0 0 0 0 1 0 0/1 9:56 1:01 0:00
Reilly Smith 0 0 0 -1 0 0 1 0 1 0 0/1 13:38 0:00 0:00
Rickard Rakell 0 0 0 0 0 2 1 0 1 1 0/0 15:43 1:03 0:00
Sean Monahan 1 0 1 2 2 4 1 0 1 0 10/23 15:57 1:13 0:00
Travis Hamonic 0 0 0 -1 0 2 1 0 0 0 0/0 21:41 0:40 2:26
Victor Olofsson 0 0 0 -1 0 5 1 1 0 0 0/0 9:48 1:16 0:00
Vince Dunn 0 2 2 1 2 2 3 0 1 3 0/0 22:04 0:52 0:00
Zach Parise 0 0 0 -1 0 2 5 1 0 0 1/2 16:37 0:00 2:40
Players Stats for Calgary Flames
Player Name G A P +/- PIM S H SB GA TA FO MP PP MP PK MP
------------------------------------------------------------------------------------
Drew Doughty 0 1 1 0 0 1 1 0 0 0 0/0 21:18 2:43 0:51
J.T. Miller 0 1 1 0 0 6 1 2 0 2 9/19 17:40 2:40 0:51
Jacob Peterson 0 0 0 0 0 2 1 0 1 0 0/0 6:45 0:00 0:00
Jeff Petry 0 0 0 -1 0 0 0 2 1 0 0/0 22:39 2:23 0:59
Joel Eriksson Ek 0 1 1 -1 0 0 1 0 2 0 0/0 17:28 0:04 0:00
Kris Letang 0 0 0 0 0 4 0 2 1 2 0/0 21:00 2:43 0:00
Logan Couture 0 1 1 1 0 4 0 0 0 0 11/20 14:17 0:00 0:08
Mathieu Joseph 0 0 0 0 0 0 1 0 0 1 0/0 8:27 0:04 1:02
Matthew Tkachuk 0 1 1 0 2 4 1 1 1 0 0/2 17:33 2:40 0:00
Michael Anderson 0 0 0 1 0 1 1 2 1 0 0/0 16:21 0:00 1:00
Nic Dowd 0 0 0 0 0 0 0 1 0 0 3/5 8:25 0:04 1:00
Rafael Harvey-Pinard 1 0 1 1 0 3 1 1 0 0 0/0 14:42 0:00 0:48
Rasmus Andersson 0 0 0 1 0 0 1 0 1 0 0/0 16:03 0:00 0:09
Ryan McDonagh 0 0 0 -1 0 0 0 1 0 1 0/0 22:39 2:23 0:59
Sebastian Aho 0 1 1 -1 0 6 4 0 0 0 9/15 19:38 2:22 0:00
Timo Meier 0 2 2 1 0 2 0 0 1 1 0/2 16:21 2:22 0:00
Valeri Nichushkin 1 0 1 0 0 2 0 1 0 0 0/2 17:13 2:40 0:09
Zach Hyman 2 0 2 -1 0 7 0 0 2 0 0/0 19:31 2:22 0:00
3 Stars
1 - Zach Hyman (CGY)
2 - Rafael Harvey-Pinard (CGY)
3 - Ilya Sorokin (CGY)
Power Play
Vegas Golden Knights - 0 on 1 Attempt(s) - 0.00%
Calgary Flames - 2 on 5 Attempt(s) - 40.00%
Penalty Kill
Vegas Golden Knights - 3 on 5 Attempt(s) - 60.00%
- Score 0 goal in Penalty Kill
Calgary Flames - 1 on 1 Attempt(s) - 100.00%
- Score 0 goal in Penalty Kill
Team Stat
Vegas Golden Knights - Hits : 22 - Faceoff Wins : 33 - Blocked Shots : 9 - Penalty Minutes : 10
Calgary Flames - Hits : 13 - Faceoff Wins : 32 - Blocked Shots : 13 - Penalty Minutes : 2
Official
Referees : Jean Hebert and Marc Joannette
Linesman : Brian Murphy and Steve Miller
Game Notes
No Game Note
Finance
Level 1 -- Attendance: 4544 (75.73%) -- Ticket Income $454,400
Level 2 -- Attendance: 3560 (71.20%) -- Ticket Income $213,600
Level 3 -- Attendance: 2529 (84.30%) -- Ticket Income $88,515
Level 4 -- Attendance: 3430 (68.60%) -- Ticket Income $85,750
Luxury Box -- Attendance: 748 (74.80%) -- Ticket Income $149,600
Game was played at the Scotiabank Saddledome.
Total Attendance: 14811 (74.06%)
Total Ticket Income: $991,865
Other Income: $347,153
Total Income: $1,339,018
Vegas Golden Knights
5 vs 5 Forward
Center Left Wing Right Wing Time % Phy DF OF
1 Sean Monahan Chris Kreider Joe Pavelski 30 1 2 2
2 Jordan Staal Jaden Schwartz Rickard Rakell 30 1 2 2
3 Anthony Cirelli Zach Parise Reilly Smith 25 1 2 2
4 Eric Staal Nikolaj Ehlers Victor Olofsson 15 1 2 2
5 vs 5 Defense
Defense Defense Time % Phy DF OF
1 Vince Dunn Andrew Peeke 30 1 2 2
2 Marc Staal Travis Hamonic 30 1 2 2
3 Marc-Edouard Vlasic John Marino 25 1 2 2
4 Andrew Peeke Vince Dunn 15 1 2 2
PowerPlay Forward
Center Left Wing Right Wing Time % Phy DF OF
1 Joe Pavelski Chris Kreider Jaden Schwartz 50 1 2 2
2 Sean Monahan Rickard Rakell Victor Olofsson 50 1 2 2
PowerPlay Defense
Defense Defense Time % Phy DF OF
1 Reilly Smith Vince Dunn 50 1 2 2
2 Nikolaj Ehlers John Marino 50 1 2 2
Penalty Kill 4 Players Forward
Center Wing Time % Phy DF OF
1 Anthony Cirelli Zach Parise 50 1 2 2
2 Eric Staal Jordan Staal 50 1 2 2
Penalty Kill 4 Players Defense
Defense Defense Time % Phy DF OF
1 Andrew Peeke Travis Hamonic 50 1 2 2
2 Marc-Edouard Vlasic Marc Staal 50 1 2 2
Penalty Kill - 3 Players Forward
Forward Time % Phy DF OF
1 Zach Parise 50 1 2 2
2 Jordan Staal 50 1 2 2
Penalty Kill - 3 Players Defense
Defense Defense Time % Phy DF OF
1 Andrew Peeke Travis Hamonic 50 1 2 2
2 Eric Staal Marc Staal 50 1 2 2
4 vs 4 Forward
Center Wing Time % Phy DF OF
1 Joe Pavelski Chris Kreider 50 1 2 2
2 Sean Monahan Reilly Smith 50 1 2 2
4 vs 4 Defense
Defense Defense Time % Phy DF OF
1 Andrew Peeke Travis Hamonic 50 1 2 2
2 Vince Dunn John Marino 50 1 2 2
Last Minutes Offensive
Center Left Wing Right Wing Defense Defense
Joe Pavelski Chris Kreider Nikolaj Ehlers Vince Dunn John Marino
Last Minutes Defensive
Center Left Wing Right Wing Defense Defense
Anthony Cirelli Zach Parise Eric Staal Marc Staal Andrew Peeke
Goaltenders
Starting : Alexandar Georgiev
Backup : Philipp Grubauer
Extra Forwards
Normal : Reilly Smith, Joe Pavelski, Chris Kreider - PP : Victor Olofsson, Anthony Cirelli - PK : Reilly Smith
Extra Defensemen
Normal : Marc Staal, Andrew Peeke, Vince Dunn - PP : Travis Hamonic - PK : John Marino, Andrew Peeke
Penalty Shots
Rickard Rakell, Anthony Cirelli, Victor Olofsson, Zach Parise, Joe Pavelski
Calgary Flames
5 vs 5 Forward
Center Left Wing Right Wing Time % Phy DF OF
1 J.T. Miller Matthew Tkachuk Valeri Nichushkin 31 1 1 2
2 Sebastian Aho Zach Hyman Joel Eriksson Ek 30 1 2 2
3 Logan Couture Rafael Harvey-Pinard Timo Meier 29 1 2 2
4 Nic Dowd Jacob Peterson Mathieu Joseph 10 1 2 2
5 vs 5 Defense
Defense Defense Time % Phy DF OF
1 Kris Letang Drew Doughty 35 1 2 2
2 Jeff Petry Ryan McDonagh 35 1 2 2
3 Rasmus Andersson Michael Anderson 30 1 2 2
4 Kris Letang Drew Doughty 0 1 2 2
PowerPlay Forward
Center Left Wing Right Wing Time % Phy DF OF
1 J.T. Miller Matthew Tkachuk Valeri Nichushkin 50 0 0 5
2 Sebastian Aho Zach Hyman Timo Meier 50 0 0 5
PowerPlay Defense
Defense Defense Time % Phy DF OF
1 Kris Letang Drew Doughty 50 0 2 3
2 Jeff Petry Ryan McDonagh 50 0 2 3
Penalty Kill 4 Players Forward
Center Wing Time % Phy DF OF
1 Joel Eriksson Ek Rafael Harvey-Pinard 50 0 5 0
2 Nic Dowd Mathieu Joseph 50 0 5 0
Penalty Kill 4 Players Defense
Defense Defense Time % Phy DF OF
1 Kris Letang Drew Doughty 50 0 5 0
2 Jeff Petry Ryan McDonagh 50 0 5 0
Penalty Kill - 3 Players Forward
Forward Time % Phy DF OF
1 J.T. Miller 50 0 5 0
2 Sebastian Aho 50 0 5 0
Penalty Kill - 3 Players Defense
Defense Defense Time % Phy DF OF
1 Kris Letang Drew Doughty 50 0 5 0
2 Jeff Petry Ryan McDonagh 50 0 5 0
4 vs 4 Forward
Center Wing Time % Phy DF OF
1 J.T. Miller Matthew Tkachuk 50 1 2 2
2 Sebastian Aho Logan Couture 50 1 2 2
4 vs 4 Defense
Defense Defense Time % Phy DF OF
1 Kris Letang Drew Doughty 50 1 2 2
2 Jeff Petry Ryan McDonagh 50 1 2 2
Last Minutes Offensive
Center Left Wing Right Wing Defense Defense
J.T. Miller Matthew Tkachuk Sebastian Aho Kris Letang Drew Doughty
Last Minutes Defensive
Center Left Wing Right Wing Defense Defense
J.T. Miller Sebastian Aho Valeri Nichushkin Kris Letang Drew Doughty
Goaltenders
Starting : Ilya Sorokin
Backup : Samuel Montembeault
Extra Forwards
Normal : Nic Dowd, Joel Eriksson Ek, Mathieu Joseph - PP : Nic Dowd, Joel Eriksson Ek - PK : Mathieu Joseph
Extra Defensemen
Normal : Rasmus Andersson, Michael Anderson, Jeff Petry - PP : Rasmus Andersson - PK : Michael Anderson, Jeff Petry
Penalty Shots
J.T. Miller, Matthew Tkachuk, Sebastian Aho, Logan Couture, Joel Eriksson Ek
% Time on Ice - Vegas Golden Knights
Lines # - Real PCT - Wanted PCT - Time Play
Normal Forward
1 - 29% - 30% - 15:14
2 - 29% - 30% - 15:32
3 - 25% - 25% - 13:09
4 - 17% - 15% - 9:00
Normal Defense
1 - 28% - 30% - 14:37
2 - 34% - 30% - 18:05
3 - 27% - 25% - 14:05
4 - 12% - 15% - 6:08
PP Forward
1 - 39% - 50% - 0:46
2 - 61% - 50% - 1:13
PP Defense
1 - 44% - 50% - 0:52
2 - 56% - 50% - 1:07
PK Forward
1 - 52% - 50% - 2:40
2 - 48% - 50% - 2:26
PK Defense
1 - 51% - 50% - 2:35
2 - 49% - 50% - 2:31
PK3 Forward
1 - 0% - 50%
2 - 0% - 50%
PK3 Defense
1 - 0% - 50%
2 - 0% - 50%
44 Forward
1 - 0% - 50%
2 - 0% - 50%
44 Defense
1 - 0% - 50%
2 - 0% - 50%
Last Minute Offensive - 0:00
Last Minute Defensive - 0:00
Total
Forward - 60:00
Defense - 60:00
|
% Time on Ice - Calgary Flames
Lines # - Real PCT - Wanted PCT - Time Play
Normal Forward
1 - 28% - 31% - 14:48
2 - 33% - 30% - 17:21
3 - 26% - 29% - 14:01
4 - 13% - 10% - 6:45
Normal Defense
1 - 35% - 35% - 18:17
2 - 36% - 35% - 19:17
3 - 29% - 30% - 15:21
4 - 0% - 0% - 0:00
PP Forward
1 - 54% - 50% - 2:44
2 - 46% - 50% - 2:22
PP Defense
1 - 53% - 50% - 2:43
2 - 47% - 50% - 2:23
PK Forward
1 - 40% - 50% - 0:48
2 - 60% - 50% - 1:11
PK Defense
1 - 50% - 50% - 1:00
2 - 50% - 50% - 0:59
PK3 Forward
1 - 0% - 50%
2 - 0% - 50%
PK3 Defense
1 - 0% - 50%
2 - 0% - 50%
44 Forward
1 - 0% - 50%
2 - 0% - 50%
44 Defense
1 - 0% - 50%
2 - 0% - 50%
Last Minute Offensive - 0:00
Last Minute Defensive - 0:00
Total
Forward - 60:00
Defense - 60:00
|
Play-by-Play
1st period
0:01 of 1st period - J.T. Miller wins face-off versus Sean Monahan in neutral zone.
0:05 of 1st period - Wrist shot by Valeri Nichushkin.
0:05 of 1st period - Shot Blocked by Joe Pavelski.
0:07 of 1st period - Snap shot by J.T. Miller.
0:07 of 1st period - Stopped by Alexandar Georgiev with a rebound.
0:09 of 1st period - Wrist shot by J.T. Miller.
0:09 of 1st period - Shot Misses the Net.
0:11 of 1st period - Slapshot by Kris Letang.
0:11 of 1st period - Stopped by Alexandar Georgiev with a rebound.
0:13 of 1st period - Slapshot by Drew Doughty.
0:13 of 1st period - Shot Misses the Net.
0:15 of 1st period - Slapshot by Drew Doughty.
0:15 of 1st period - Stopped by Alexandar Georgiev with a rebound.
0:27 of 1st period - Drew Doughty is hit by Jordan Staal and loses puck.
0:48 of 1st period - Snap shot by Jaden Schwartz.
0:48 of 1st period - Shot Misses the Net.
0:51 of 1st period - Icing by Ryan McDonagh.
0:52 of 1st period - Anthony Cirelli wins face-off versus Timo Meier in Calgary Flames zone.
0:53 of 1st period - Slapshot by Reilly Smith.
0:53 of 1st period - Shot Misses the Net.
0:55 of 1st period - Slapshot by Travis Hamonic.
0:55 of 1st period - Stopped by Ilya Sorokin without a rebound.
0:56 of 1st period - Eric Staal wins face-off versus Nic Dowd in Calgary Flames zone.
1:01 of 1st period - Snap shot by Victor Olofsson.
1:01 of 1st period - Shot Blocked by Nic Dowd.
1:25 of 1st period - Zach Parise is hit by Michael Anderson and loses puck.
2:10 of 1st period - Valeri Nichushkin is hit by Sean Monahan and loses puck.
2:18 of 1st period - Icing by Michael Anderson.
2:19 of 1st period - J.T. Miller wins face-off versus Eric Staal in Calgary Flames zone.
3:54 of 1st period - Wrist shot by Sebastian Aho.
3:54 of 1st period - Deflect By Zach Hyman.
3:54 of 1st period - Stopped by Alexandar Georgiev without a rebound.
3:55 of 1st period - Jordan Staal wins face-off versus Sebastian Aho in Vegas Golden Knights zone.
4:08 of 1st period - Snap shot by Jaden Schwartz.
4:08 of 1st period - Stopped by Ilya Sorokin with a rebound.
4:10 of 1st period - Wrist shot by Jordan Staal.
4:10 of 1st period - Stopped by Ilya Sorokin with a rebound.
4:20 of 1st period - Drew Doughty is hit by Zach Parise and loses puck.
4:49 of 1st period - Snap shot by Valeri Nichushkin.
4:49 of 1st period - Stopped by Alexandar Georgiev without a rebound.
4:50 of 1st period - Sebastian Aho wins face-off versus Sean Monahan in Vegas Golden Knights zone.
4:55 of 1st period - Wrist shot by Sebastian Aho.
4:55 of 1st period - Shot Hit the Post.
4:57 of 1st period - Slapshot by Ryan McDonagh.
4:57 of 1st period - Shot Blocked by Andrew Peeke.
4:59 of 1st period - Wrist shot by Zach Hyman.
4:59 of 1st period - Deflect By Sebastian Aho.
4:59 of 1st period - Stopped by Alexandar Georgiev without a rebound.
5:00 of 1st period - Sean Monahan wins face-off versus Sebastian Aho in Vegas Golden Knights zone.
5:09 of 1st period - Wrist shot by Chris Kreider.
5:09 of 1st period - Goal by Chris Kreider - Vegas Golden Knights : 1 - Calgary Flames : 0.
5:10 of 1st period - Jordan Staal wins face-off versus Logan Couture in neutral zone.
5:48 of 1st period - Snap shot by Jaden Schwartz.
5:48 of 1st period - Stopped by Ilya Sorokin without a rebound.
5:49 of 1st period - Sebastian Aho wins face-off versus Sean Monahan in Calgary Flames zone.
6:41 of 1st period - Slapshot by Timo Meier.
6:41 of 1st period - Shot Misses the Net.
7:01 of 1st period - Snap shot by Jaden Schwartz.
7:01 of 1st period - Shot Blocked by Jeff Petry.
7:11 of 1st period - Joel Eriksson Ek is hit by Vince Dunn and loses puck.
8:26 of 1st period - Slapshot by Sebastian Aho.
8:26 of 1st period - Deflect By Marc-Edouard Vlasic.
8:26 of 1st period - Stopped by Alexandar Georgiev with a rebound.
8:50 of 1st period - Wrist shot by Chris Kreider.
8:50 of 1st period - Shot Misses the Net.
9:02 of 1st period - Snap shot by Matthew Tkachuk.
9:02 of 1st period - Stopped by Alexandar Georgiev with a rebound.
10:02 of 1st period - Wrist shot by Jaden Schwartz.
10:02 of 1st period - Shot Blocked by Kris Letang.
10:04 of 1st period - Snap shot by Travis Hamonic.
10:04 of 1st period - Stopped by Ilya Sorokin with a rebound.
10:06 of 1st period - Slapshot by Jaden Schwartz.
10:06 of 1st period - Stopped by Ilya Sorokin with a rebound.
10:33 of 1st period - Icing by Logan Couture.
10:34 of 1st period - J.T. Miller wins face-off versus Sean Monahan in Calgary Flames zone.
10:39 of 1st period - Wrist shot by Joe Pavelski.
10:39 of 1st period - Shot Blocked by Jeff Petry.
10:41 of 1st period - Slapshot by Andrew Peeke.
10:41 of 1st period - Shot Blocked by J.T. Miller.
10:43 of 1st period - Wrist shot by Chris Kreider.
10:43 of 1st period - Stopped by Ilya Sorokin without a rebound.
10:44 of 1st period - J.T. Miller wins face-off versus Jordan Staal in Calgary Flames zone.
10:44 of 1st period - J.T. Miller is hit by Vince Dunn.
10:58 of 1st period - Snap shot by J.T. Miller.
10:58 of 1st period - Stopped by Alexandar Georgiev without a rebound.
10:59 of 1st period - Anthony Cirelli wins face-off versus Logan Couture in Vegas Golden Knights zone.
11:26 of 1st period - Snap shot by Jaden Schwartz.
11:26 of 1st period - Shot Blocked by Michael Anderson.
11:28 of 1st period - Snap shot by Jordan Staal.
11:28 of 1st period - Shot Misses the Net.
11:30 of 1st period - Snap shot by Jordan Staal.
11:30 of 1st period - Shot Misses the Net.
11:32 of 1st period - Slapshot by Andrew Peeke.
11:32 of 1st period - Shot Blocked by Rafael Harvey-Pinard.
11:34 of 1st period - Snap shot by Rickard Rakell.
11:34 of 1st period - Stopped by Ilya Sorokin without a rebound.
11:35 of 1st period - Sean Monahan wins face-off versus J.T. Miller in Calgary Flames zone.
12:22 of 1st period - Snap shot by Jacob Peterson.
12:22 of 1st period - Stopped by Alexandar Georgiev without a rebound.
12:23 of 1st period - Nic Dowd wins face-off versus Sean Monahan in Vegas Golden Knights zone.
12:24 of 1st period - Wrist shot by Jacob Peterson.
12:24 of 1st period - Stopped by Alexandar Georgiev with a rebound.
12:54 of 1st period - Off-side.
12:55 of 1st period - Zach Parise wins face-off versus J.T. Miller in neutral zone.
13:08 of 1st period - Wrist shot by Matthew Tkachuk.
13:08 of 1st period - Stopped by Alexandar Georgiev with a rebound.
13:10 of 1st period - Wrist shot by J.T. Miller.
13:10 of 1st period - Stopped by Alexandar Georgiev without a rebound.
13:11 of 1st period - Logan Couture wins face-off versus Sean Monahan in Vegas Golden Knights zone.
13:12 of 1st period - Wrist shot by Timo Meier.
13:12 of 1st period - Shot Misses the Net.
13:14 of 1st period - Wrist shot by Logan Couture.
13:14 of 1st period - Stopped by Alexandar Georgiev without a rebound.
13:15 of 1st period - Sean Monahan wins face-off versus Logan Couture in Vegas Golden Knights zone.
13:38 of 1st period - Minor Penalty to Vince Dunn for Hooking.
13:39 of 1st period - Anthony Cirelli wins face-off versus J.T. Miller in Vegas Golden Knights zone.
15:38 of 1st period - Penalty to Vince Dunn is over, Vince Dunn is back on ice.
16:17 of 1st period - Off-side.
16:18 of 1st period - Jordan Staal wins face-off versus Logan Couture in neutral zone.
16:25 of 1st period - Off-side.
16:26 of 1st period - Sebastian Aho wins face-off versus Jordan Staal in neutral zone.
16:31 of 1st period - Wrist shot by Joel Eriksson Ek.
16:31 of 1st period - Shot Misses the Net.
17:11 of 1st period - Snap shot by Sebastian Aho.
17:11 of 1st period - Stopped by Alexandar Georgiev with a rebound.
17:21 of 1st period - Snap shot by Jordan Staal.
17:21 of 1st period - Stopped by Ilya Sorokin without a rebound.
17:22 of 1st period - Sean Monahan wins face-off versus J.T. Miller in Calgary Flames zone.
18:17 of 1st period - Vince Dunn is hit by Mathieu Joseph and loses puck.
18:30 of 1st period - Wrist shot by Matthew Tkachuk.
18:30 of 1st period - Shot Misses the Net.
18:32 of 1st period - Snap shot by J.T. Miller.
18:32 of 1st period - Stopped by Alexandar Georgiev with a rebound.
18:34 of 1st period - Snap shot by Rasmus Andersson.
18:34 of 1st period - Shot Blocked by Andrew Peeke.
18:36 of 1st period - Slapshot by Michael Anderson.
18:36 of 1st period - Shot Misses the Net.
18:50 of 1st period - Eric Staal is hit by Rafael Harvey-Pinard and loses puck.
19:46 of 1st period - Snap shot by Sean Monahan.
19:46 of 1st period - Shot Blocked by J.T. Miller.
Goals for this period are 1 for Vegas Golden Knights vs 0 for Calgary Flames.
Shots for this period are 10 for Vegas Golden Knights vs 16 for Calgary Flames.
2nd period
0:01 of 2nd period - Anthony Cirelli wins face-off versus Sebastian Aho in neutral zone.
0:26 of 2nd period - Rafael Harvey-Pinard is hit by Rickard Rakell and loses puck.
0:43 of 2nd period - Minor Penalty to Jaden Schwartz for Hooking.
0:44 of 2nd period - Jordan Staal wins face-off versus Sebastian Aho in Vegas Golden Knights zone.
1:01 of 2nd period - Snap shot by Zach Hyman.
1:01 of 2nd period - Shot Misses the Net.
1:22 of 2nd period - Snap shot by Matthew Tkachuk.
1:22 of 2nd period - Shot Misses the Net.
1:36 of 2nd period - Snap shot by Valeri Nichushkin.
1:36 of 2nd period - Goal by Valeri Nichushkin - Vegas Golden Knights : 1 - Calgary Flames : 1.
1:37 of 2nd period - Sebastian Aho wins face-off versus Anthony Cirelli in neutral zone.
1:42 of 2nd period - Snap shot by Joel Eriksson Ek.
1:42 of 2nd period - Shot Blocked by Andrew Peeke.
2:04 of 2nd period - Zach Parise is hit by Drew Doughty and loses puck.
2:19 of 2nd period - Snap shot by Reilly Smith.
2:19 of 2nd period - Shot Blocked by Kris Letang.
2:21 of 2nd period - Snap shot by Zach Parise.
2:21 of 2nd period - Stopped by Ilya Sorokin without a rebound.
2:22 of 2nd period - Jordan Staal wins face-off versus Valeri Nichushkin in Calgary Flames zone.
3:01 of 2nd period - Snap shot by Zach Hyman.
3:01 of 2nd period - Stopped by Alexandar Georgiev without a rebound.
3:02 of 2nd period - Logan Couture wins face-off versus Eric Staal in Vegas Golden Knights zone.
3:11 of 2nd period - Snap shot by Logan Couture.
3:11 of 2nd period - Stopped by Alexandar Georgiev without a rebound.
3:12 of 2nd period - Logan Couture wins face-off versus Eric Staal in Vegas Golden Knights zone.
3:28 of 2nd period - Off-side.
3:29 of 2nd period - Jordan Staal wins face-off versus J.T. Miller in neutral zone.
3:32 of 2nd period - Snap shot by Jaden Schwartz.
3:32 of 2nd period - Shot Blocked by Valeri Nichushkin.
3:34 of 2nd period - Slapshot by John Marino.
3:34 of 2nd period - Stopped by Ilya Sorokin without a rebound.
3:35 of 2nd period - Jordan Staal wins face-off versus J.T. Miller in Calgary Flames zone.
3:46 of 2nd period - Slapshot by Jaden Schwartz.
3:46 of 2nd period - Stopped by Ilya Sorokin without a rebound.
3:47 of 2nd period - Sean Monahan wins face-off versus Sebastian Aho in Calgary Flames zone.
3:54 of 2nd period - Wrist shot by Sebastian Aho.
3:54 of 2nd period - Stopped by Alexandar Georgiev without a rebound.
3:55 of 2nd period - Sean Monahan wins face-off versus Sebastian Aho in Vegas Golden Knights zone.
4:16 of 2nd period - Snap shot by Zach Hyman.
4:16 of 2nd period - Stopped by Alexandar Georgiev with a rebound.
5:02 of 2nd period - Slapshot by Sean Monahan.
5:02 of 2nd period - Goal by Sean Monahan - Vegas Golden Knights : 2 - Calgary Flames : 1.
5:03 of 2nd period - J.T. Miller wins face-off versus Jordan Staal in neutral zone.
5:10 of 2nd period - Jaden Schwartz is hit by Matthew Tkachuk and loses puck.
5:29 of 2nd period - Logan Couture is hit by Zach Parise and loses puck.
5:52 of 2nd period - Wrist shot by Jacob Peterson.
5:52 of 2nd period - Shot Blocked by Zach Parise.
5:58 of 2nd period - Backhand shot by Kris Letang.
5:58 of 2nd period - Stopped by Alexandar Georgiev with a rebound.
6:00 of 2nd period - Slapshot by Kris Letang.
6:00 of 2nd period - Stopped by Alexandar Georgiev with a rebound.
6:28 of 2nd period - Off-side.
6:29 of 2nd period - Sebastian Aho wins face-off versus Jordan Staal in neutral zone.
6:42 of 2nd period - Michael Anderson is hit by Jaden Schwartz and loses puck.
6:53 of 2nd period - Vince Dunn is hit by Sebastian Aho and loses puck.
7:17 of 2nd period - Snap shot by Sebastian Aho.
7:17 of 2nd period - Stopped by Alexandar Georgiev without a rebound.
7:18 of 2nd period - Chris Kreider wins face-off versus Logan Couture in Vegas Golden Knights zone.
7:27 of 2nd period - Snap shot by Joe Pavelski.
7:27 of 2nd period - Stopped by Ilya Sorokin without a rebound.
7:28 of 2nd period - Sean Monahan wins face-off versus Logan Couture in Calgary Flames zone.
8:19 of 2nd period - Snap shot by Chris Kreider.
8:19 of 2nd period - Deflect By Joe Pavelski.
8:19 of 2nd period - Stopped by Ilya Sorokin without a rebound.
8:20 of 2nd period - Jordan Staal wins face-off versus J.T. Miller in Calgary Flames zone.
8:21 of 2nd period - Snap shot by Jaden Schwartz.
8:21 of 2nd period - Shot Misses the Net.
8:23 of 2nd period - Backhand shot by Jordan Staal.
8:23 of 2nd period - Stopped by Ilya Sorokin with a rebound.
8:48 of 2nd period - Snap shot by Anthony Cirelli.
8:48 of 2nd period - Stopped by Ilya Sorokin without a rebound.
8:49 of 2nd period - Sebastian Aho wins face-off versus Anthony Cirelli in Calgary Flames zone.
8:54 of 2nd period - John Marino is hit by Sebastian Aho and loses puck.
10:52 of 2nd period - Drew Doughty is hit by Zach Parise and loses puck.
11:16 of 2nd period - Snap shot by Zach Parise.
11:16 of 2nd period - Stopped by Ilya Sorokin without a rebound.
11:17 of 2nd period - J.T. Miller wins face-off versus Jordan Staal in Calgary Flames zone.
11:28 of 2nd period - Snap shot by Matthew Tkachuk.
11:28 of 2nd period - Shot Misses the Net.
11:49 of 2nd period - Snap shot by Rickard Rakell.
11:49 of 2nd period - Shot Misses the Net.
12:02 of 2nd period - Minor Penalty to Matthew Tkachuk for Hooking.
12:03 of 2nd period - Nic Dowd wins face-off versus Sean Monahan in Calgary Flames zone.
12:25 of 2nd period - Ryan McDonagh is hit by Chris Kreider and loses puck.
13:49 of 2nd period - Ryan McDonagh is hit by Victor Olofsson and loses puck.
14:02 of 2nd period - Penalty to Matthew Tkachuk is over, Matthew Tkachuk is back on ice.
15:35 of 2nd period - Jordan Staal is hit by Joel Eriksson Ek and loses puck.
16:34 of 2nd period - Zach Hyman is hit by Reilly Smith and loses puck.
16:53 of 2nd period - Snap shot by Valeri Nichushkin.
16:53 of 2nd period - Deflect By Matthew Tkachuk.
16:53 of 2nd period - Stopped by Alexandar Georgiev without a rebound.
16:54 of 2nd period - J.T. Miller wins face-off versus Nikolaj Ehlers in Vegas Golden Knights zone.
17:30 of 2nd period - J.T. Miller is hit by Marc-Edouard Vlasic.
17:46 of 2nd period - Wrist shot by J.T. Miller.
17:46 of 2nd period - Stopped by Alexandar Georgiev without a rebound.
17:47 of 2nd period - Eric Staal wins face-off versus Logan Couture in Vegas Golden Knights zone.
18:00 of 2nd period - Slapshot by Nikolaj Ehlers.
18:00 of 2nd period - Shot Misses the Net.
18:02 of 2nd period - Wrist shot by Nikolaj Ehlers.
18:02 of 2nd period - Shot Blocked by Ryan McDonagh.
18:37 of 2nd period - Joel Eriksson Ek is hit by Travis Hamonic and loses puck.
18:58 of 2nd period - Backhand shot by Logan Couture.
18:58 of 2nd period - Shot Blocked by Victor Olofsson.
19:10 of 2nd period - Wrist shot by Anthony Cirelli.
19:10 of 2nd period - Shot Blocked by Michael Anderson.
19:44 of 2nd period - Snap shot by Sebastian Aho.
19:44 of 2nd period - Shot Blocked by Andrew Peeke.
19:49 of 2nd period - Off-side.
19:50 of 2nd period - Jordan Staal wins face-off versus Timo Meier in neutral zone.
19:56 of 2nd period - Snap shot by Rickard Rakell.
19:56 of 2nd period - Shot Misses the Net.
19:58 of 2nd period - Slapshot by Vince Dunn.
19:58 of 2nd period - Stopped by Ilya Sorokin with a rebound.
Goals for this period are 1 for Vegas Golden Knights vs 1 for Calgary Flames.
Shots for this period are 10 for Vegas Golden Knights vs 10 for Calgary Flames.
3rd period
0:01 of 3rd period - Chris Kreider wins face-off versus Logan Couture in neutral zone.
0:06 of 3rd period - Snap shot by Chris Kreider.
0:06 of 3rd period - Shot Misses the Net.
0:11 of 3rd period - Off-side.
0:12 of 3rd period - J.T. Miller wins face-off versus Sean Monahan in neutral zone.
0:18 of 3rd period - Off-side.
0:19 of 3rd period - Sean Monahan wins face-off versus J.T. Miller in neutral zone.
0:22 of 3rd period - Wrist shot by Chris Kreider.
0:22 of 3rd period - Stopped by Ilya Sorokin without a rebound.
0:23 of 3rd period - Logan Couture wins face-off versus Sean Monahan in Calgary Flames zone.
1:24 of 3rd period - Wrist shot by Nikolaj Ehlers.
1:24 of 3rd period - Deflect By Victor Olofsson.
1:24 of 3rd period - Stopped by Ilya Sorokin with a rebound.
2:07 of 3rd period - Minor Penalty to Sean Monahan for Slashing.
2:08 of 3rd period - Sebastian Aho wins face-off versus Eric Staal in Vegas Golden Knights zone.
2:44 of 3rd period - Snap shot by Valeri Nichushkin.
2:44 of 3rd period - Shot Misses the Net.
3:32 of 3rd period - Matthew Tkachuk is hit by Jordan Staal and loses puck.
4:07 of 3rd period - Penalty to Sean Monahan is over, Sean Monahan is back on ice.
4:09 of 3rd period - Zach Hyman is hit by Marc Staal and loses puck.
4:22 of 3rd period - Snap shot by Joe Pavelski.
4:22 of 3rd period - Shot Misses the Net.
4:24 of 3rd period - Snap shot by Sean Monahan.
4:24 of 3rd period - Stopped by Ilya Sorokin with a rebound.
4:26 of 3rd period - Snap shot by Sean Monahan.
4:26 of 3rd period - Stopped by Ilya Sorokin with a rebound.
4:28 of 3rd period - Slapshot by Vince Dunn.
4:28 of 3rd period - Stopped by Ilya Sorokin with a rebound.
4:30 of 3rd period - Slapshot by Andrew Peeke.
4:30 of 3rd period - Stopped by Ilya Sorokin without a rebound.
4:31 of 3rd period - Sean Monahan wins face-off versus Nic Dowd in Calgary Flames zone.
4:34 of 3rd period - Snap shot by Joe Pavelski.
4:34 of 3rd period - Shot Misses the Net.
4:56 of 3rd period - Michael Anderson is hit by Zach Parise and loses puck.
5:01 of 3rd period - Wrist shot by Reilly Smith.
5:01 of 3rd period - Shot Blocked by Matthew Tkachuk.
5:03 of 3rd period - Slapshot by Zach Parise.
5:03 of 3rd period - Shot Misses the Net.
5:05 of 3rd period - Wrist shot by Zach Parise.
5:05 of 3rd period - Shot Misses the Net.
5:38 of 3rd period - Eric Staal is hit by Sebastian Aho and loses puck.
6:01 of 3rd period - Snap shot by Mathieu Joseph.
6:01 of 3rd period - Shot Misses the Net.
6:03 of 3rd period - Slapshot by Michael Anderson.
6:03 of 3rd period - Shot Misses the Net.
6:09 of 3rd period - Minor Penalty to Andrew Peeke for Hooking.
6:10 of 3rd period - Sebastian Aho wins face-off versus Eric Staal in Vegas Golden Knights zone.
6:13 of 3rd period - Slapshot by Zach Hyman.
6:13 of 3rd period - Stopped by Alexandar Georgiev with a rebound.
6:15 of 3rd period - Snap shot by Zach Hyman.
6:15 of 3rd period - Goal by Zach Hyman - Vegas Golden Knights : 2 - Calgary Flames : 2.
6:16 of 3rd period - Jordan Staal wins face-off versus J.T. Miller in neutral zone.
6:18 of 3rd period - Off-side.
6:19 of 3rd period - Jordan Staal wins face-off versus Matthew Tkachuk in neutral zone.
7:08 of 3rd period - Wrist shot by Victor Olofsson.
7:08 of 3rd period - Stopped by Ilya Sorokin without a rebound.
7:09 of 3rd period - Sebastian Aho wins face-off versus Eric Staal in Calgary Flames zone.
7:38 of 3rd period - Wrist shot by Victor Olofsson.
7:38 of 3rd period - Stopped by Ilya Sorokin with a rebound.
7:50 of 3rd period - Snap shot by Victor Olofsson.
7:50 of 3rd period - Stopped by Ilya Sorokin with a rebound.
8:26 of 3rd period - Snap shot by Sebastian Aho.
8:26 of 3rd period - Stopped by Alexandar Georgiev with a rebound.
8:28 of 3rd period - Slapshot by Kris Letang.
8:28 of 3rd period - Shot Blocked by Andrew Peeke.
8:30 of 3rd period - Slapshot by Kris Letang.
8:30 of 3rd period - Deflect By Zach Hyman.
8:30 of 3rd period - Stopped by Alexandar Georgiev without a rebound.
8:31 of 3rd period - Jordan Staal wins face-off versus Valeri Nichushkin in Vegas Golden Knights zone.
8:55 of 3rd period - Icing by Jordan Staal.
8:56 of 3rd period - Logan Couture wins face-off versus Sean Monahan in Vegas Golden Knights zone.
8:59 of 3rd period - Snap shot by Logan Couture.
8:59 of 3rd period - Stopped by Alexandar Georgiev without a rebound.
9:00 of 3rd period - Logan Couture wins face-off versus Sean Monahan in Vegas Golden Knights zone.
9:03 of 3rd period - Wrist shot by Timo Meier.
9:03 of 3rd period - Shot Misses the Net.
9:26 of 3rd period - Rafael Harvey-Pinard is hit by Vince Dunn and loses puck.
9:58 of 3rd period - Off-side.
9:59 of 3rd period - J.T. Miller wins face-off versus Sean Monahan in neutral zone.
10:36 of 3rd period - Jordan Staal is hit by Sebastian Aho and loses puck.
11:03 of 3rd period - Snap shot by Victor Olofsson.
11:03 of 3rd period - Shot Misses the Net.
11:26 of 3rd period - Backhand shot by Anthony Cirelli.
11:26 of 3rd period - Shot Misses the Net.
11:28 of 3rd period - Wrist shot by Reilly Smith.
11:28 of 3rd period - Shot Misses the Net.
11:30 of 3rd period - Snap shot by John Marino.
11:30 of 3rd period - Shot Misses the Net.
11:32 of 3rd period - Slapshot by John Marino.
11:32 of 3rd period - Shot Misses the Net.
12:08 of 3rd period - Jordan Staal is hit by Jacob Peterson.
12:45 of 3rd period - Wrist shot by Vince Dunn.
12:45 of 3rd period - Deflect By Anthony Cirelli.
12:45 of 3rd period - Stopped by Ilya Sorokin with a rebound.
12:47 of 3rd period - Wrist shot by Anthony Cirelli.
12:47 of 3rd period - Shot Misses the Net.
13:07 of 3rd period - Snap shot by Nic Dowd.
13:07 of 3rd period - Shot Misses the Net.
13:39 of 3rd period - Drew Doughty is hit by John Marino and loses puck.
14:03 of 3rd period - Travis Hamonic is hit by Rasmus Andersson and loses puck.
14:18 of 3rd period - Valeri Nichushkin is hit by Marc-Edouard Vlasic and loses puck.
14:23 of 3rd period - Wrist shot by Nikolaj Ehlers.
14:23 of 3rd period - Deflect By Victor Olofsson.
14:23 of 3rd period - Stopped by Ilya Sorokin without a rebound.
14:24 of 3rd period - Sean Monahan wins face-off versus Matthew Tkachuk in Calgary Flames zone.
14:47 of 3rd period - Michael Anderson is hit by Andrew Peeke and loses puck.
14:58 of 3rd period - Snap shot by Sean Monahan.
14:58 of 3rd period - Stopped by Ilya Sorokin with a rebound.
15:00 of 3rd period - Snap shot by Joe Pavelski.
15:00 of 3rd period - Stopped by Ilya Sorokin without a rebound.
15:01 of 3rd period - Logan Couture wins face-off versus Zach Parise in Calgary Flames zone.
15:07 of 3rd period - Icing by Logan Couture.
15:08 of 3rd period - Logan Couture wins face-off versus Anthony Cirelli in Calgary Flames zone.
15:17 of 3rd period - Snap shot by Logan Couture.
15:17 of 3rd period - Deflect By Timo Meier.
15:17 of 3rd period - Shot Misses the Net.
15:17 of 3rd period - Puck is out of play.
15:18 of 3rd period - Logan Couture wins face-off versus Anthony Cirelli in Vegas Golden Knights zone.
15:44 of 3rd period - Joe Pavelski is hit by J.T. Miller and loses puck.
16:09 of 3rd period - Wrist shot by Zach Hyman.
16:09 of 3rd period - Goal by Zach Hyman - Vegas Golden Knights : 2 - Calgary Flames : 3.
16:10 of 3rd period - Logan Couture wins face-off versus Anthony Cirelli in neutral zone.
16:19 of 3rd period - Snap shot by Logan Couture.
16:19 of 3rd period - Deflect By Timo Meier.
16:19 of 3rd period - Stopped by Alexandar Georgiev with a rebound.
16:21 of 3rd period - Snap shot by Rafael Harvey-Pinard.
16:21 of 3rd period - Stopped by Alexandar Georgiev with a rebound.
16:23 of 3rd period - Slapshot by Rafael Harvey-Pinard.
16:23 of 3rd period - Goal by Rafael Harvey-Pinard - Vegas Golden Knights : 2 - Calgary Flames : 4.
16:24 of 3rd period - Anthony Cirelli wins face-off versus Logan Couture in neutral zone.
16:40 of 3rd period - Snap shot by Logan Couture.
16:40 of 3rd period - Stopped by Alexandar Georgiev with a rebound.
16:50 of 3rd period - Wrist shot by J.T. Miller.
16:50 of 3rd period - Stopped by Alexandar Georgiev with a rebound.
16:52 of 3rd period - Slapshot by Kris Letang.
16:52 of 3rd period - Shot Misses the Net.
16:56 of 3rd period - Wrist shot by Matthew Tkachuk.
16:56 of 3rd period - Stopped by Alexandar Georgiev with a rebound.
16:58 of 3rd period - Slapshot by Kris Letang.
16:58 of 3rd period - Stopped by Alexandar Georgiev with a rebound.
17:00 of 3rd period - Snap shot by Matthew Tkachuk.
17:00 of 3rd period - Deflect By Valeri Nichushkin.
17:00 of 3rd period - Shot Misses the Net.
17:00 of 3rd period - Puck is out of play.
17:01 of 3rd period - Logan Couture wins face-off versus Sean Monahan in Vegas Golden Knights zone.
17:14 of 3rd period - Slapshot by Timo Meier.
17:14 of 3rd period - Stopped by Alexandar Georgiev with a rebound.
17:16 of 3rd period - Snap shot by Logan Couture.
17:16 of 3rd period - Deflect By Rafael Harvey-Pinard.
17:16 of 3rd period - Stopped by Alexandar Georgiev with a rebound.
17:18 of 3rd period - Slapshot by Rasmus Andersson.
17:18 of 3rd period - Shot Misses the Net.
17:28 of 3rd period - Rasmus Andersson is hit by Zach Parise and loses puck.
18:21 of 3rd period - Snap shot by Rickard Rakell.
18:21 of 3rd period - Shot Misses the Net.
18:40 of 3rd period - Slapshot by Sebastian Aho.
18:40 of 3rd period - Shot Misses the Net.
19:22 of 3rd period - Wrist shot by Zach Hyman.
19:22 of 3rd period - Shot Blocked by Marc Staal.
19:38 of 3rd period - Wrist shot by Rickard Rakell.
19:38 of 3rd period - Stopped by Ilya Sorokin without a rebound.
19:39 of 3rd period - Nic Dowd wins face-off versus Reilly Smith in Calgary Flames zone.
19:48 of 3rd period - Slapshot by Michael Anderson.
19:48 of 3rd period - Stopped by Alexandar Georgiev with a rebound.
19:50 of 3rd period - Minor Penalty to Andrew Peeke for Hooking.
19:51 of 3rd period - Anthony Cirelli wins face-off versus J.T. Miller in Vegas Golden Knights zone.
Goals for this period are 0 for Vegas Golden Knights vs 3 for Calgary Flames.
Shots for this period are 14 for Vegas Golden Knights vs 16 for Calgary Flames.
Back to the Top